Map: Sanctuary III LE

Players

Lambo

  • Race: Zerg Zerg
  • Spawn Location: 7:00

Serral - Winner!

  • Race: Zerg Zerg
  • League: Master
  • Spawn Location: 1:00

VOD

Have the link to the VOD?

Description

Time

  • Played on: July 5, 2026, 11:12 a.m.
  • Length: 17:13
Show
View Real Time Build Order
Export as new Build Order

Lambo Zerg 

Build Orders: Hatch First 

Get SALT Encoding   

  8  0:00  Drone  
  9  0:10  Drone  
  10  0:17  Drone  
  11  0:22  Drone  
  12  0:32  Overlord  
  12  0:39  Extractor, Drone  
  13  0:51  Drone x2  
  15  1:11  Hatchery  
  14  1:14  Drone  
  14  1:17  Drone  
  16  1:21  Drone  
  17  1:35  Spawning Pool  
  17  1:38  Drone  
  17  1:41  Extractor  
  17  1:43  Drone  
  16  2:23  Zergling x8  
  17  2:38  Drone x2  
  19  2:44  Drone x2  
  21  2:52  Drone  
  22  2:59  Drone  
  22  3:04  Overlord  
  23  3:06  Drone  
  24  3:23  Drone x4  
  28  3:28  Queen  
  28  3:33  Overlord  
  30  3:38  Drone  
  31  3:42  Drone  
  32  3:50  Queen  
  32  3:53  Overlord, Drone  
  35  3:57  Drone  
  36  4:03  Drone x2  
  36  4:09  Extractor  
  37  4:16  Drone x2  
  38  4:22  Hatchery  
  37  4:24  Drone x2  
  39  4:31  Drone  
  39  4:34  Overlord  
  39  4:36  Drone x3  
  43  4:39  Queen  
  43  4:41  Drone  
  43  4:44  Drone  
  47  4:47  Evolution Chamber  
  46  4:54  Drone  
  46  4:56  Roach Warren  
  46  4:59  Evolution Chamber  
  45  5:00  Drone x2  
  49  5:07  Drone x3, Extractor  
  49  5:08  Extractor  
  49  5:13  Lair  
  49  5:14  Drone x4  
  49  5:18  Extractor  
  49  5:20  Drone  
  50  5:22  Drone  
  50  5:27  Drone  
  52  5:31  Drone  
  53  5:35  Drone  
  53  5:40  Overlord, Zerg Missile Weapons Level 1  
  53  5:41  Overlord x2  
  54  5:48  Roach  
  56  5:54  Zerg Ground Armor Level 1  
  56  5:56  Overlord  
  56  5:58  Roach x2  
  56  6:01  Roach x2  
  56  6:04  Roach, Overlord  
  66  6:07  Roach x2  
  66  6:09  Roach  
  72  6:12  Roach  
  76  6:18  Roach  
  76  6:23  Glial Reconstitution  
  76  6:25  Roach  
  78  6:30  Roach x2  
  82  6:33  Roach  
  84  6:40  Overseer  
  84  6:42  Hatchery  
  84  6:44  Roach x2  
  84  6:45  Roach  
  89  6:55  Roach x3  
  89  6:59  Overlord  
  95  7:01  Overlord  
  95  7:04  Overlord  
  95  7:05  Overlord  
  95  7:06  Overlord x2  
  95  7:09  Overlord  
  95  7:14  Overlord  
  95  7:17  Overlord  
  95  7:24  Roach  
  95  7:27  Roach x4  
  106  7:30  Drone  
  106  7:31  Overseer  
  106  7:37  Drone x4  
  110  7:48  Roach x2  
  110  7:51  Zerg Ground Armor Level 2  
  114  7:56  Roach x2  
  114  7:58  Drone  
  119  8:01  Drone  
  119  8:02  Roach  
  119  8:05  Drone x2  
  124  8:06  Zerg Missile Weapons Level 2  
  124  8:07  Roach  
  124  8:11  Drone x2  
  128  8:14  Roach x2  
  128  8:16  Ravager x2  
  128  8:19  Drone  
  135  8:20  Extractor  
  135  8:22  Roach x2  
  135  8:26  Roach x3  
  144  8:31  Roach x2, Zergling x2  
  149  8:35  Ravager  
  149  8:37  Roach x2  
  149  8:39  Drone x3  
  157  8:41  Extractor  
  157  8:42  Roach  
  157  8:45  Overlord  
  158  8:50  Drone  
  158  8:51  Drone  
  158  8:55  Roach x2  
  164  8:56  Overlord  
  164  8:58  Overlord  
  164  8:59  Overlord  
  164  9:01  Pneumatized Carapace  
  164  9:03  Overlord  
  164  9:06  Overlord  
  164  9:11  Roach x3  
  164  9:15  Roach x3  
  176  9:18  Ravager x2  
  176  9:20  Roach x2  
  176  9:24  Roach x2  
  186  9:25  Ravager  
  186  9:28  Roach x2  
  191  9:34  Roach x3  
  197  9:41  Roach  
  194  9:57  Roach x3  
  199  10:05  Roach x4  
  199  10:06  Ravager  
  200  10:13  Hatchery  
  197  10:22  Roach  
  197  10:25  Ravager  
  200  10:31  Roach  
  200  10:33  Roach  
  200  10:34  Roach x5  
  200  10:37  Roach x5  
  200  10:42  Roach x5  
  200  10:52  Overlord  
  200  10:59  Tunneling Claws  
  200  11:00  Burrow  
  200  11:07  Roach x4  
  200  11:10  Roach x8  
  200  11:11  Overseer  
  188  11:14  Roach  
  188  11:17  Roach x3  
  174  11:21  Roach x2  
  174  11:22  Roach  
  184  11:25  Roach x2  
  184  11:30  Roach x3  
  190  11:35  Drone x3  
  190  11:39  Roach x2  
  197  11:44  Roach  
  191  11:55  Roach x4  
  181  12:03  Roach x8  
  181  12:07  Roach x27  
  181  12:08  Roach x22  
  191  12:24  Overseer  
  191  12:32  Roach x6  
  186  12:38  Roach x8  
  186  12:40  Roach  
  186  12:44  Roach  
  179  12:48  Roach x2  
  161  12:51  Roach x2  
  161  12:55  Roach  
  159  13:04  Roach x30  
  143  13:05  Roach  
  143  13:06  Roach x4  
  143  13:08  Roach x2  
  151  13:13  Drone x3  
  154  13:23  Roach x4  
  154  13:24  Ravager x3  
  165  13:29  Roach x2  
  165  13:30  Ravager x2  
  171  13:35  Roach x2  
  174  13:43  Roach x3  
  174  13:45  Roach  
  175  13:49  Roach  
  175  13:50  Roach  
  175  13:57  Roach x2  
  179  14:06  Ravager x2  
  181  14:14  Ravager  
  182  14:17  Roach  
  182  14:19  Ravager x2  
  182  14:21  Ravager x2  
  182  14:22  Hatchery  
  187  14:26  Roach x2  
  187  14:28  Drone x22  
  191  14:32  Roach x2  
  186  14:48  Roach x26  
  186  14:55  Roach x6  
  186  14:58  Roach x4  
  186  14:59  Roach  
  192  15:08  Roach x3  
  192  15:10  Ravager x3  
  192  15:13  Roach  
  198  15:33  Roach x6  
  180  15:36  Roach  
  180  15:39  Roach  
  180  15:41  Roach  
  179  15:43  Roach  
  177  15:51  Roach x3  
  177  15:53  Roach  
  177  15:56  Roach  
  181  16:00  Roach x2  
  175  16:05  Roach x2  
  175  16:09  Ravager  
  175  16:11  Ravager x2  
  176  16:13  Ravager x3  
  176  16:14  Ravager, Roach  
  185  16:18  Roach  
  185  16:20  Ravager x3  
  190  16:25  Roach  
  190  16:28  Roach  
  190  16:31  Roach  
  194  16:35  Roach  
  194  16:38  Roach  
  184  16:45  Roach x3  
  176  16:49  Roach  
  176  16:53  Roach x2  
Show
View Real Time Build Order
Export as new Build Order

Serral Zerg - Winner!

Build Orders: Pool First 

Get SALT Encoding   

  8  0:00  Drone  
  9  0:09  Drone  
  10  0:32  Spawning Pool  
  9  0:37  Drone  
  11  0:42  Drone  
  11  0:49  Drone  
  12  0:58  Overlord  
  12  1:18  Zergling x6  
  15  1:29  Zergling x2  
  16  1:39  Zergling x2  
  17  1:49  Hatchery  
  17  1:52  Drone  
  17  1:58  Drone  
  18  2:13  Queen  
  19  2:23  Drone  
  20  2:37  Drone  
  20  2:40  Extractor, Overlord  
  20  2:41  Drone  
  20  2:50  Extractor  
  20  2:51  Drone  
  20  2:57  Queen  
  24  2:58  Drone  
  24  3:02  Drone  
  25  3:08  Drone  
  25  3:11  Drone  
  27  3:22  Drone x3  
  29  3:30  Overlord  
  29  3:32  Drone  
  30  3:36  Drone  
  31  3:42  Metabolic Boost  
  31  3:46  Drone  
  32  3:49  Drone  
  32  3:53  Overlord  
  33  3:56  Drone  
  33  3:58  Drone  
  33  4:02  Drone  
  36  4:06  Drone x2  
  39  4:10  Drone x2  
  39  4:15  Overlord  
  40  4:17  Drone  
  41  4:24  Drone x2  
  41  4:25  Drone  
  41  4:28  Zergling x2  
  44  4:32  Evolution Chamber, Zergling x2  
  44  4:33  Zergling x4  
  44  4:37  Zergling x4  
  44  4:38  Zergling x2  
  49  4:39  Zergling x2  
  50  4:54  Zergling x4  
  50  4:56  Hatchery  
  50  4:58  Zerg Ground Armor Level 1  
  51  5:06  Drone x4  
  55  5:13  Overlord  
  55  5:15  Roach Warren  
  55  5:18  Extractor x2  
  55  5:19  Drone x3  
  55  5:27  Overlord  
  55  5:28  Lair  
  55  5:32  Drone x2  
  55  5:33  Drone  
  55  5:34  Drone  
  59  5:36  Drone  
  59  5:40  Overlord  
  59  5:41  Drone  
  59  5:42  Drone  
  62  5:44  Drone  
  62  5:46  Drone  
  64  5:51  Drone x2  
  66  6:00  Drone x4  
  70  6:06  Drone  
  70  6:07  Drone  
  70  6:08  Queen  
  70  6:10  Overlord  
  74  6:14  Roach x2  
  74  6:15  Extractor  
  74  6:18  Roach x2  
  81  6:20  Roach  
  81  6:23  Overlord  
  83  6:27  Overseer, Glial Reconstitution  
  83  6:32  Roach x2, Extractor  
  86  6:35  Overlord  
  85  6:43  Drone  
  85  6:44  Drone x2  
  85  6:47  Roach x4  
  94  6:49  Overlord  
  94  6:52  Roach  
  94  6:53  Zerg Missile Weapons Level 1  
  98  6:55  Overlord  
  98  6:58  Roach x2  
  102  7:03  Overlord  
  102  7:04  Overseer  
  102  7:11  Pneumatized Carapace  
  102  7:16  Roach x6  
  102  7:22  Overlord  
  114  7:23  Drone x4  
  114  7:26  Overlord  
  114  7:28  Roach  
  121  7:30  Roach  
  121  7:33  Overlord  
  121  7:36  Overlord  
  121  7:39  Spine Crawler  
  121  7:42  Roach x2  
  121  7:43  Roach  
  126  7:50  Roach x4  
  134  7:59  Drone  
  134  8:02  Drone x5  
  134  8:03  Roach x3  
  147  8:09  Roach  
  147  8:10  Roach, Extractor  
  147  8:11  Evolution Chamber  
  147  8:12  Ravager  
  150  8:14  Ravager x3  
  150  8:15  Overlord  
  150  8:18  Roach  
  155  8:20  Overseer  
  155  8:26  Overlord x4  
  155  8:40  Roach x4  
  155  8:41  Zerg Ground Armor Level 2  
  163  8:45  Roach x5  
  173  8:49  Zerg Missile Weapons Level 2  
  173  8:57  Hatchery  
  173  8:58  Overlord  
  173  9:01  Roach x2  
  173  9:02  Roach  
  178  9:08  Roach  
  178  9:09  Roach x3  
  186  9:11  Overlord  
  186  9:14  Roach  
  188  9:18  Ravager  
  188  9:19  Ravager  
  188  9:21  Roach x4  
  198  9:26  Roach  
  198  9:27  Burrow  
  200  9:34  Tunneling Claws  
  200  9:52  Roach x6  
  194  10:01  Roach x3  
  194  10:06  Roach  
  194  10:07  Roach x4  
  200  10:16  Ravager x2  
  200  10:25  Roach  
  200  10:34  Roach x6  
  196  10:38  Roach x5  
  200  10:44  Roach x54  
  200  11:05  Roach x11  
  200  11:07  Roach x3  
  200  11:08  Roach  
  183  11:16  Roach x13  
  197  11:21  Roach  
  197  11:24  Hydralisk Den  
  196  11:31  Roach x2  
  200  11:36  Roach x2  
  200  11:37  Roach  
  200  11:42  Overlord  
  200  11:51  Roach  
  200  11:52  Roach x22  
  192  11:56  Roach  
  192  11:57  Roach x4  
  186  12:02  Roach x4  
  186  12:03  Roach x6  
  200  12:08  Muscular Augments  
  200  12:10  Roach x3  
  200  12:11  Roach x3  
  200  12:14  Ravager x4  
  200  12:23  Overseer x4  
  200  12:28  Roach x2  
  200  12:36  Roach x5  
  196  12:41  Roach  
  196  12:42  Roach x12  
  198  12:47  Roach x2  
  198  12:49  Roach x2  
  198  12:50  Roach  
  186  12:52  Roach x3  
  186  12:53  Queen  
  188  13:01  Roach  
  188  13:03  Roach x3  
  188  13:04  Roach x31  
  171  13:10  Roach  
  171  13:12  Roach x6, Grooved Spines  
  171  13:15  Roach x9, Extractor  
  171  13:19  Roach x2  
  188  13:24  Roach x2  
  188  13:25  Roach x3  
  188  13:26  Ravager x4  
  196  13:32  Roach x3  
  196  13:37  Roach x2  
  196  13:44  Infestation Pit  
  187  13:49  Roach x7  
  187  13:50  Roach x35  
  197  13:58  Roach x10  
  199  14:05  Roach x7  
  199  14:08  Roach x3  
  199  14:09  Ravager  
  200  14:31  Roach x13  
  192  14:39  Roach x4  
  192  14:44  Overseer  
  196  14:54  Hive  
  196  14:55  Hydralisk x2, Lurker Den  
  193  15:04  Roach x7  
  199  15:17  Overseer  
  197  15:27  Roach  
  199  15:32  Roach x7  
  193  15:37  Roach x5  
  197  15:45  Roach  
  197  15:54  Lurker x2  
  197  15:56  Roach x2  
  199  16:01  Roach x3  
  199  16:03  Roach x35  
  193  16:06  Roach x2  
  193  16:07  Roach x10  
  193  16:10  Hydralisk x5  
  200  16:13  Extractor  
  197  16:36  Roach x3  
  181  16:42  Roach x11  
  181  16:45  Roach x2  
  181  16:46  Roach x8  
  187  16:59  Hatchery  
Tags
 
League
Master
Matchup
ZvZ
Race
Zerg
Replay Pack
hsc29
Spawn Locations
Cross Positions
Add a new tag
Caveats
  • Supply blocks, unpowered buildings, or Contaminate may cause inaccurate times.
  • Supply counts are checked every 10 seconds.